 Dungeon Crawl Stone Soup version 0.29-a0-834-g1e95ca9f62 (webtiles) character file.

Game seed: 5530633724126758145

746 buhh the Insei (level 7, -1/49 HPs)
             Began as an Octopode Transmuter on July 12, 2022.
             Slain by a hornet (4 damage)
             ... on level 5 of the Dungeon.
             The game lasted 00:03:50 (4525 turns).

buhh the Insei (Octopode Transmuter)                Turns: 4525, Time: 00:03:50

Health: -1/49      AC:  1    Str: 15    XL:     7   Next: 77%
Magic:  7/10       EV: 14    Int: 18    God:
Gold:   376        SH:  0    Dex: 12    Spells: 4/10 levels left

rFire   . . .      SeeInvis .     - Unarmed
rCold   . . .      Faith    .   (no shield)
rNeg    . . .      Spirit   .   (helmet restricted)
rPois   .          Reflect  .   (no amulet)
rElec   .          Harm     .   k - +6 ring of strength
rCorr   .          Rampage  .   (no ring)
Will    .....                   (no ring)
Stlth   +++.......              (no ring)
HPRegen 0.16/turn               (no ring)
MPRegen 0.12/turn               (no ring)
                                (no ring)
                                (no ring)

@: lethally poisoned (-1 -> -26), attractive, very slightly contaminated,
slowed, very slow
A: almost no armour, amphibious, 8 rings, camouflage 1, gelatinous body 1,
(nimble swimmer 1), tentacles
a: no special abilities


You were on level 5 of the Dungeon.
You visited 1 branch of the dungeon, and saw 5 of its levels.

You collected 376 gold pieces.

Inventory:

Jewellery
 k - a +6 ring of strength (left tentacle)
Wands
 E - a wand of flame (10)
Scrolls
 b - 3 scrolls of blinking {!d}
 c - a scroll of silence {!r}
 g - 3 scrolls of amnesia
 h - 2 scrolls of enchant armour
 j - 2 scrolls of noise
 l - a scroll of immolation {!r}
 p - a scroll of brand weapon {unknown}
 t - a scroll of enchant weapon {unknown}
 u - 2 scrolls of fear {unknown}
 v - a scroll of poison {unknown}
Potions
 d - 2 potions of attraction
 e - 3 potions of degeneration {unknown}
 f - a potion of curing {unknown}
 m - 2 potions of cancellation {unknown}
 n - 2 potions of mutation {unknown}
 o - 2 potions of magic {unknown}
 q - 3 potions of invisibility {unknown}
 r - 2 potions of ambrosia {unknown}
 s - a potion of berserk rage {unknown}
 w - a potion of brilliance {unknown}


   Skills:
 + Level 4.6 Fighting
 + Level 5.0 Dodging
 - Level 2.0 Stealth
 + Level 5.5 Unarmed Combat
 - Level 2.0 Spellcasting
 - Level 2.0 Transmutations
 - Level 1.0 Poison Magic


You had 4 spell levels left.
You knew the following spells:

 Your Spells              Type           Power      Damage    Failure   Level
a - Beastly Appendage     Tmut           18%        N/A       8%          1
b - Wereblood             Tmut           9%         N/A       12%         2
c - Spider Form           Tmut/Pois      7%         N/A       28%         3

Your spell library contained the following spells:

 Spells                   Type           Power      Damage    Failure   Level
 Ignite Poison            Fire/Tmut/Pois 5%         N/A       34%         3
 Mephitic Cloud           Conj/Pois/Air  2%         N/A       43%         3
 Ice Form                 Ice/Tmut       5%         N/A       75%         4
 Olgreb's Toxic Radiance  Pois           5%         N/A       75%         4
 Freezing Cloud           Conj/Ice/Air   0%         6-21      99%         5
 Summon Forest            Summ/Tloc      0%         N/A       99%         5
 Summon Mana Viper        Hex/Summ       1%         N/A       99%         5
 Summon Cactus Giant      Summ           0%         N/A       100%        6
 Ozocubu's Refrigeration  Ice            0%         4d5       100%        7
 Ignition                 Fire           0%         3d3       100%        8


Dungeon Overview and Level Annotations

Branches:
Dungeon (5/15) Zot: 25484
 Temple: D:4-7

Altars:
Dithmenos
Fedhas
Nemelex Xobeh
Qazlal
Xom

Annotations:
D:3 2 transporters, zhov's ghost, amateur DsNe


Innate Abilities, Weirdness & Mutations

You cannot wear most types of armour.
You are amphibious.
You can wear up to eight rings at the same time.
Your skin changes colour to match your surroundings (Stealth+).
Your rubbery body absorbs attacks. (AC +1, EV +1)
((You are camouflaged when in or above water. (Stealth+)))
You have tentacles for arms and can constrict up to eight enemies at once.


Message History

A hornet is nearby!
A hornet is nearby!
Aiming: Fastroot
Press: ? - help, Shift-Dir - straight line, f - hornet
Aim: a hornet The roots erupt in riotous growth!
Roots grab the hornet.
The grasping roots constrict the hornet.
The hornet struggles to escape constriction.
The roots lose their grip on something.
Okay, then.
You miscast Spider Form.
You are very lightly contaminated with residual magic.
Nothing appears to happen.
Aiming: Fastroot
Press: ? - help, Shift-Dir - straight line, f/p - hornet
Aim: a hornet (lightly wounded)
The roots erupt in riotous growth!
Roots grab the hornet.
The now-empty wand crumbles to dust.
The grasping roots constrict the hornet.
The hornet stings you!
You are poisoned.
You feel yourself slow down. The hornet stings you!
You are more poisoned.
You suddenly lose the ability to move!
You can move again.
It was a potion of attraction.
You feel attractive to monsters.
The grasping roots constrict the hornet!
You feel extremely sick.
The roots release their grip on the hornet.
The hornet stings you!
* * * LOW HITPOINT WARNING * * *
You are more poisoned.
You feel as though you will be slow longer.
A jelly comes into view.
The hornet stings you.
You die...

##.≈.#.≈_.##.≈.#
#.≈.#)≈...#.≈.#.
##.≈.#.≈.÷.#.≈.#
#.≈.#.≈≈._#.≈.#
#.≈.#...###.≈.#
#.≈.####....≈.#
#.≈.....≈≈≈≈≈.#
#.≈≈≈≈≈≈......#
#......@#######.
########y.......
#........
.........
#.........
#.........
..........
....J.....
#..........


You could see a hornet and a jelly (wandering).

Vanquished Creatures
  Menkaure (D:4)
  A water moccasin (D:5)
  A centaur (D:5)
  Blork the orc (D:5)
  A necrophage (D:5)
  2 jellies (D:4)
  A hound (D:4)
  Jessica (D:3)
  Terence (D:3)
  An iguana (D:5)
  4 gnolls (D:4)
  5 adders
  2 worms
  4 dart slugs
  An orc (D:3)
  2 bats
  2 endoplasms
  A giant cockroach (D:2)
  2 goblins
  3 hobgoblins
  7 jackals
  A quokka (D:4)
  6 ball pythons
  4 frilled lizards
  2 kobolds
  5 rats
62 creatures vanquished.

Vanquished Creatures (others)
  6 plants (D:3)
  3 toadstools (D:4)
9 creatures vanquished.

Grand Total: 71 creatures vanquished

Notes
Turn   | Place    | Note
-------+----------+-------------------------------------------
     0 | D:1      | buhh the Octopode Transmuter began the quest for the Orb.
     0 | D:1      | Reached XP level 1. HP: 13/13 MP: 3/3
   259 | D:1      | Found a faded altar of an unknown god.
   445 | D:1      | Reached skill level 1 in Stealth
   445 | D:1      | Reached XP level 2. HP: 18/18 MP: 3/5
   730 | D:2      | Reached skill level 1 in Poison Magic
  1078 | D:2      | Reached XP level 3. HP: 20/23 MP: 4/6
  1439 | D:2      | You fall into a shaft and drop 1 floor!
  1546 | D:3      | Noticed Jessica
  1557 | D:3      | Killed Jessica
  1558 | D:3      | Reached XP level 4. HP: 24/29 MP: 7/7
  1662 | D:3      | Noticed Terence
  1674 | D:3      | Killed Terence
  1687 | D:3      | Found a stormy altar of Qazlal.
  1694 | D:3      | Noticed Ijyb
  1846 | D:3      | Found a transporter.
  1847 | D:3      | Found a transporter.
  2123 | D:3      | Found a blossoming altar of Fedhas.
  2187 | D:3      | Noticed zhov's ghost (amateur DsNe)
  2546 | D:4      | Reached XP level 5. HP: 20/35 MP: 8/8
  2799 | D:4      | Noticed Menkaure
  2813 | D:4      | Killed Menkaure
  2814 | D:4      | Reached XP level 6. HP: 34/42 MP: 9/9
  3583 | D:4      | Identified the +8 spear of Haziewi Yrez {flame, rF+}
  3655 | D:4      | Found a sparkling altar of Nemelex Xobeh.
  3778 | D:5      | Entered Level 5 of the Dungeon
  3843 | D:5      | Reached XP level 7. HP: 45/47 MP: 10/10
  3883 | D:5      | Noticed Blork the orc
  3894 | D:5      | Reached skill level 5 in Unarmed Combat
  3924 | D:5      | Killed Blork the orc
  4182 | D:5      | Found a shadowy altar of Dithmenos.
  4186 | D:5      | Found a shimmering altar of Xom.
  4359 | D:5      | Learned a level 2 spell: Wereblood
  4363 | D:5      | Learned a level 3 spell: Spider Form
  4388 | D:5      | Reached skill level 5 in Dodging
  4520 | D:5      | Noticed a hornet
  4524 | D:5      | Paralysed by a hornet for 1 turns
  4525 | D:5      | Slain by a hornet

Illustrated notes

Levels and vault maps discovered:
D:1:      kilobyte_arrival_exit_the_forest, layout_basic,
          basic_ecumenical_altar, dk_noncrumbling_3, minmay_misc_feat_roman
D:2:      layout_basic
D:3:      layout_loops_ring, grunt_qazlal_sundering, lemuel_doored_altar,
          gammafunk_ghost_gnarly_gnolls, grunt_decor_one_mirror, uniq_terence,
          uniq_ijyb, uniq_jessica
D:4:      layout_cave_pools, kennysheep_little_box, minmay_gold_behind_fungi,
          grunt_decor_junction, ebering_dispersal_statue_hall,
          minmay_starry_boxes, uniq_menkaure
D:5:      layout_cave_pods, nicolae_overflow_squiral,
          chequers_serial_rivers_large_a, uniq_blork_the_orc

Skill      XL: |  1  2  3  4  5  6  7 |
---------------+----------------------+-----
Stealth        | 1 2 |  2.0
Poison Magic   | 1 |  1.0
Fighting       | 2 3 4 |  4.6
Dodging        | 3 4 5 |  5.0
Unarmed Combat | 4 5 |  5.5
Spellcasting   | |  2.0
Transmutations | |  2.0

Action                   |  1- 3 |  4- 6 |  7- 9 || total
-------------------------+-------+-------+-------++-------
Melee: Unarmed           |    46 |    70 |    19 ||   135
       Kick              |    17 |    21 |     5 ||    43
       Constrict         |    17 |    14 |     4 ||    35
       Tentacles         |     5 |    13 |     2 ||    20
       Punch             |     2 |     2 |       ||     4
 Cast: Beastly Appendage |    17 |    15 |     4 ||    36
       Spider Form       |       |       |     1 ||     1
Evoke: Wand              |       |     6 |     7 ||    13
  Use: Potion            |       |     3 |     1 ||     4
       Scroll            |       |       |     6 ||     6
 Stab: Sleeping          |     8 |     1 |       ||     9
Armor: Skin              |     5 |     8 |     2 ||    15
Dodge: Dodged            |    18 |    38 |    23 ||    79

Table legend: (Time is in decaauts)
 A = Elapsed time spent in this place.
 B = Non-inter-level travel time spent in this place.
 C = Inter-level travel time spent in this place.
 D = Time resting spent in this place.
 E = Time spent auto-exploring this place.
 F = Levels seen in this place.
 G = Mean time per level.
                   A        B        C        D        E       F      G
               +--------+--------+--------+--------+--------+-----+--------+
         Total |   4514 |   4392 |    122 |      0 |   3873 |   5 |  902.8 |
       Dungeon |   4514 |   4392 |    122 |      0 |   3873 |   5 |  902.8 |
               +--------+--------+--------+--------+--------+-----+--------+

Top non-repeatable levels by time:
     D:4: 1306 daAuts
     D:2: 926 daAuts
     D:3: 853 daAuts
     D:5: 744 daAuts
     D:1: 683 daAuts
